 Dungeon Crawl Stone Soup version 0.29.1-1-gd02db6906a (webtiles) character file.

Game seed: 6119230375879414292

282 vvl the Trooper (level 6, -1/52 HPs)
             Began as a Ghoul Fighter on Sept 19, 2022.
             Slain by a river rat (3 damage)
             ... on level 3 of the Dungeon on Sept 20, 2022.
             The game lasted 00:05:57 (3224 turns).

vvl the Trooper (Ghoul Fighter)                     Turns: 3224, Time: 00:05:58

Health: -1/52      AC: 12    Str: 20    XL:     6   Next: 28%
Magic:  7/7        EV: 10    Int:  5    God:
Gold:   136        SH:  4    Dex:  8    Spells: 7/7 levels left

rFire   . . .      SeeInvis .   s - +0 flail (protect)
rCold   + . .      Faith    .   c - +0 buckler
rNeg    + + +      Spirit   .   g - +0 ring mail
rPois   ∞          Reflect  .   (no helmet)
rElec   .          Harm     .   (no cloak)
rCorr   .          Rampage  .   (no gloves)
Will    .....                   (no boots)
Stlth   ..........              (no amulet)
HPRegen 0.00/turn               (no ring)
MPRegen 0.10/turn               (no ring)

@: under a protective aura, inhibited regen
A: claws 1, cold resistance 1, negative energy resistance 3, inhibited
regeneration, torment resistance 2, devour on kill
a: no special abilities


You were on level 3 of the Dungeon.
You visited 1 branch of the dungeon, and saw 3 of its levels.

You collected 136 gold pieces.

Inventory:

Hand Weapons
 a - a +0 war axe
 p - a +2 short sword of protection
 s - a +0 flail of protection (weapon)
Armour
 c - a +0 buckler (worn)
 g - a +0 ring mail (worn)
Jewellery
 r - a ring of wizardry
Scrolls
 b - a scroll of acquirement {unknown}
 f - 3 scrolls of identify {unknown}
 i - 2 scrolls of fear {unknown}
 o - a scroll of enchant weapon {unknown}
 q - 3 scrolls of teleportation {unknown}
 t - a scroll of enchant armour {unknown}
 u - a scroll of fog {unknown}
Potions
 d - a potion of might
 e - a potion of cancellation {unknown}
 h - 3 potions of curing {unknown}
 j - 2 potions of ambrosia {unknown}
 k - a potion of degeneration {unknown}
 l - a potion of heal wounds {unknown}
 m - 2 potions of invisibility {unknown}
 n - 2 potions of haste {unknown}
 v - a potion of magic {unknown}
 w - a potion of lignification {unknown}


   Skills:
 + Level 4.0 Fighting
 + Level 2.5 Axes
 + Level 3.2 Armour
 + Level 3.3 Shields
 + Level 1.4 Spellcasting
 + Level 1.3 Conjurations
 + Level 2.0 Ice Magic
 + Level 2.2 Earth Magic


You had 7 spell levels left.
You didn't know any spells.
Your spell library contained the following spells:

 Spells                   Type           Power      Damage    Failure   Level
 Blink                    Tloc           0%         N/A       83%         2
 Gell's Gravitas          Tloc           0%         N/A       97%         3
 Teleport Other           Tloc           0%         N/A       97%         3
 Manifold Assault         Tloc           0%         N/A       100%        5
 Dispersal                Tloc           0%         N/A       100%        6
 Storm Form               Tmut/Air       Unusable   N/A       N/A         7

Dungeon Overview and Level Annotations

Branches:
Dungeon (3/15)

Altars:
Makhleb
Vehumet


Innate Abilities, Weirdness & Mutations

You are immune to poison.
You have sharp fingernails.
Your flesh is cold resistant. (rC+)
You are immune to negative energy. (rN+++)
You do not regenerate when monsters are visible.
You are immune to unholy pain and torment.
You thrive by killing the living.


Message History

The river rat bites you but does no damage.
You closely miss the river rat.
The river rat is heavily wounded.
You block the river rat's attack. The river rat misses you.
The river rat bites you! The river rat barely misses you.
You are too injured to fight recklessly!
You are too injured to fight recklessly!
You are too injured to fight recklessly!
You closely miss the river rat.
The river rat is heavily wounded.
The river rat barely misses you. The river rat bites you.
You hit the river rat.
Your weapon exudes an aura of protection.
The river rat is severely wounded.
The river rat bites you.
* * * LOW HITPOINT WARNING * * *
The river rat bites you!
* * * LOW HITPOINT WARNING * * *
The river rat closely misses you. The river rat bites you.
* * * LOW HITPOINT WARNING * * *
You hit the river rat but do no damage.
The river rat is severely wounded.
You block the river rat's attack.
The river rat bites you but does no damage.
The river rat bites you but does no damage.
The river rat closely misses you.
You closely miss the river rat.
The river rat is heavily wounded.
The river rat barely misses you. You block the river rat's attack.
You sock the river rat!
You kill the river rat!
The river rat bites you but does no damage.
You block the river rat's attack.
You barely miss the river rat. The river rat closely misses you.
You barely miss the river rat. You block the river rat's attack.
You hit the river rat.
Your weapon exudes an aura of protection.
The river rat is heavily wounded.
The river rat bites you.
You die...

#~~~#~.~.#
#~.~#~.~.##
~~~+~~~..##
##'##~~....#
#~~~~~~..#†#
#.~~~~...#.#
#~.~.....#.####
#.r†.....#....######
##.@.########.......
###..# #.#.####
##.## ##.#....[
#..## #........
##..## #..#†####
##..# #........
##.###....####
#..##...<# ##
##.##...####.


You could see a river rat.

Vanquished Creatures
  An ogre (D:3)
  A scorpion (D:2)
  4 gnolls
  3 river rats (D:3)
  A worm (D:3)
  3 dart slugs (D:1)
  4 bats
  3 endoplasms
  6 giant cockroaches
  6 goblins
  5 hobgoblins
  4 kobolds
  6 quokkas
  3 ball pythons
  7 frilled lizards
  7 rats
64 creatures vanquished.

Vanquished Creatures (others)
  A plant (D:1)
1 creature vanquished.

Grand Total: 65 creatures vanquished

Notes
Turn   | Place    | Note
-------+----------+-------------------------------------------
     0 | D:1      | vvl the Ghoul Fighter began the quest for the Orb.
     0 | D:1      | Reached XP level 1. HP: 19/19 MP: 0/0
    65 | D:1      | Reached XP level 2. HP: 20/26 MP: 1/1
   470 | D:1      | Reached XP level 3. HP: 29/31 MP: 2/2
   494 | D:1      | Reached skill level 1 in Earth Magic
   951 | D:1      | Reached skill level 1 in Ice Magic
  1145 | D:2      | Noticed a scorpion
  1188 | D:2      | Killed a scorpion
  1189 | D:2      | Reached XP level 4. HP: 9/40 MP: 2/4
  1535 | D:2      | Reached skill level 1 in Spellcasting
  1535 | D:2      | Reached skill level 1 in Conjurations
  1535 | D:2      | Reached XP level 5. HP: 34/46 MP: 5/5
  2324 | D:3      | Found a burning altar of Makhleb.
  2646 | D:3      | Noticed an ogre
  2653 | D:3      | HP: 2/46 [ogre/+0 giant club (4)]
  2654 | D:3      | Killed an ogre
  2655 | D:3      | Reached XP level 6. HP: 2/52 MP: 5/7
  2841 | D:3      | Reached skill level 4 in Fighting
  2996 | D:3      | Found a radiant altar of Vehumet.
  3217 | D:3      | HP: 2/52 [river rat (6)]
  3224 | D:3      | Slain by a river rat

Illustrated notes

Levels and vault maps discovered:
D:1:      lightli_arrival_maybe_door_vault, layout_loops_ring,
          serial_bayou_lagoon_a
D:2:      layout_loops_ring
D:3:      layout_basic, nicolae_vehumet_altar_sigil,
          mainiacjoe_overflow_brackets, portal_sewer_entry_e,
          hellmonk_ecumenical_altar_crossroads, minmay_close_crescents

Skill      XL: |  1  2  3  4  5  6 |
---------------+-------------------+-----
Axes           | 2 |  2.5
Earth Magic    | 1 2 |  2.2
Ice Magic      | 1 2 |  2.0
Armour         | 3 |  3.2
Shields        | 3 |  3.3
Spellcasting   | 1 |  1.4
Conjurations   | 1 |  1.3
Fighting       | 4 |  4.0

Action                   |  1- 3 |  4- 6 || total
-------------------------+-------+-------++-------
Melee: War axe           |    71 |       ||    71
       Short sword       |    49 |    45 ||    94
       Flail             |       |   109 ||   109
Armor: Scale mail        |     9 |       ||     9
       Ring mail         |    44 |    72 ||   116
Dodge: Dodged            |    55 |    82 ||   137
Block: Buckler           |    20 |    41 ||    61
